 Dungeon Crawl Stone Soup version 0.21.1-1-g345015f (webtiles) character file.

896 Ethylacetat the Firebug (level 8, -3/62 HPs)
             Began as a Naga Fire Elementalist on July 18, 2018.
             Was a Follower of Cheibriados.
             Slain by a human
             ... wielding a +0 club
              (9 damage)
             ... on level 6 of the Dungeon.
             The game lasted 00:41:40 (5296 turns).

Ethylacetat the Firebug (Naga Fire Elementalist)    Turns: 5296, Time: 00:41:41

Health: -3/62      AC:  6    Str: 17    XL:     8   Next: 7%
Magic:  3/14       EV: 10    Int: 23    God:    Cheibriados [*.....]
Gold:   140        SH:  0    Dex: 14    Spells: 7/15 levels left

rFire    . . .     SeeInvis +   u - +1 rapier "Mebbudgh" {freeze, rC++}
rCold    + + +     Gourm    .   (no shield)
rNeg     . . .     Faith    .   d - +1 robe {MR+}
rPois    +         Spirit   .   (no helmet)
rElec    .         Reflect  .   o - +0 cloak
rCorr    .         Harm     +   n - +0 pair of gloves
MR       ++...                  (no barding)
Stlth    ++........             t - amulet of harm
HPRegen  0.20/turn              l - ring of protection from cold
MPRegen  0.14/turn              s - +3 ring of intelligence

@: mighty, very slightly contaminated, very slow
A: large, see invisible, deformed body, poison resistance, slowness 2, slow
metabolism 1, spit poison 1, AC +2
a: Spit Poison, Bend Time, Renounce Religion


You were on level 6 of the Dungeon.
You worshipped Cheibriados.
Cheibriados was aware of your devotion.
You were near starving.

You visited 2 branches of the dungeon, and saw 7 of its levels.

You collected 347 gold pieces.
You spent 207 gold pieces at shops.

Inventory:

Hand Weapons
 p - a +0 shortbow
 u - the +1 rapier "Mebbudgh" (weapon) {freeze, rC++}
   (You bought it in a shop on level 5 of the Dungeon)

   It has been specially enchanted to freeze those struck by it, causing extra
   injury to most foes and up to half again as much damage against particularly
   susceptible opponents.
   It can also slow down cold-blooded creatures.
   It greatly protects you from cold.
Missiles
 r - 114 arrows
Armour
 d - a +1 robe of magic resistance (worn)
 n - a +0 pair of gloves (worn)
 o - a +0 cloak (worn)
Jewellery
 a - an uncursed ring of ice
 l - a ring of protection from cold (left hand)
 s - a +3 ring of intelligence (right hand)
 t - an amulet of harm (around neck)
Scrolls
 f - 4 scrolls of remove curse
 g - 2 scrolls of amnesia {unknown}
 h - 7 scrolls of identify {unknown}
 i - 3 scrolls of enchant armour {unknown}
 j - a scroll of enchant weapon {unknown}
 k - a scroll of fear {unknown}
 q - a scroll of noise {unknown}
Books
 b - a book of Flames

   Spells                             Type                      Level
   a - Flame Tongue                   Conjuration/Fire             1
   b - Throw Flame                    Conjuration/Fire             2
   c - Conjure Flame                  Conjuration/Fire             3
   d - Inner Flame                    Hexes/Fire                   3
   e - Sticky Flame                   Conjuration/Fire             4
   f - Fireball                       Conjuration/Fire             5
Comestibles
 c - 7 rations


   Skills:
 - Level 1.5 Dodging
 - Level 3.1 Stealth
 + Level 4.0 Spellcasting
 * Level 5.4 Conjurations
 * Level 6.5 Fire Magic


You had 7 spell levels left.
You knew the following spells:

 Your Spells              Type           Power        Failure   Level  Hunger
a - Flame Tongue          Conj/Fire      ####.        1%          1    None
b - Throw Flame           Conj/Fire      ####..       1%          2    #......
c - Fireball              Conj/Fire      ####......   24%         5    ######.


Dungeon Overview and Level Annotations

Branches:
Dungeon (6/15)             Temple (1/1) D:4

Altars:
Cheibriados
Dithmenos
Elyvilon
Gozag
Hepliaklqana
Kikubaaqudgha
Makhleb
Nemelex Xobeh
Okawaru
Trog
Wu Jian
Xom
Zin

Shops:
D:5 (

Annotations:
D:6 Menkaure


Innate Abilities, Weirdness & Mutations

You cannot wear boots.
Your serpentine skin is tough. (AC +2)
You have supernaturally acute eyesight. (SInv)
Armour fits poorly on your strangely shaped body.
Your system is resistant to poisons. (rPois)
You cover ground very slowly.
You have a slow metabolism.
You can spit poison.


Message History

The human misses you. The human hits you with a club.
* * * LOW HITPOINT WARNING * * *
The human hits you but does no damage. The human closely misses you.
The human hits you with a mace.
* * * LOW HITPOINT WARNING * * *
The human hits you but does no damage. The human hits you with a club.
* * * LOW HITPOINT WARNING * * *
You barely miss the human.
The human is almost dead.
The human hits you with a mace.
* * * LOW HITPOINT WARNING * * *
The human closely misses you. The human hits you but does no damage.
You puncture the human! You freeze the human.
You kill the human!
Cheibriados appreciates the change of pace.
Your Spellcasting skill increases to level 4!
You have reached level 8!
You feel agile. The human closely misses you. The human hits you with a club!
You die...

... #.......#
#...##.......# #
....p........####
.
$...............>
.
......##.......##
. ..... #.........
.
+###+###........#
.
#......#p##+#.##.
.
#........)@.......
.
#........p.....###
. #..............#
. #..............#
. #....###[......#
. ##... ####......
. #... ......# .
#. ......# .


You could see 2 humans.

Vanquished Creatures
  A human (D:6)
  Duvessa (D:4)
  An ogre (D:5)
  A centaur (D:5)
  Dowan (D:4)
  A scorpion (D:5)
  An electric eel (D:6)
  A crimson imp (D:5)
  A hound (D:5)
  2 bullfrog skeletons
  A jelly (D:6)
  An orc wizard (D:5)
  The ghost of dscm the Chopper, a weakling DsGl (D:3)
  3 gnolls (D:2)
  4 adders
  An ooze (D:2)
  An adder skeleton (D:4)
  2 worms (D:2)
  4 dart slugs
  5 leopard geckos
  5 orcs
  4 bats
  2 giant cockroaches
  6 hobgoblins
  10 jackals
  10 kobolds
  4 quokkas
  2 ball pythons (D:1)
  3 frilled lizards (D:2)
  10 goblins
  A jackal skeleton (D:5)
  9 rats
  A bush (D:5)
  A butterfly (D:4)
102 creatures vanquished.

Notes
Turn   | Place    | Note
-------+----------+-------------------------------------------
     0 | D:1      | Ethylacetat the Naga Fire Elementalist began the quest for the Orb.
     0 | D:1      | Reached XP level 1. HP: 15/15 MP: 3/3
   228 | D:1      | Reached XP level 2. HP: 22/22 MP: 1/5
   575 | D:1      | Reached XP level 3. HP: 28/28 MP: 4/6
   634 | D:1      | Learned a level 2 spell: Throw Flame
  1229 | D:2      | Reached skill level 4 in Fire Magic
  1231 | D:2      | Reached XP level 4. HP: 13/36 MP: 4/7
  1878 | D:2      | Reached XP level 5. HP: 42/42 MP: 5/8
  2323 | D:3      | Noticed dscm's ghost (weakling DsGl)
  2333 | D:3      | Killed dscm's ghost
  2473 | D:3      | Learned a level 5 spell: Fireball
  3369 | D:4      | Found a staircase to the Ecumenical Temple.
  3378 | Temple   | Entered the Ecumenical Temple
  3393 | Temple   | Became a worshipper of Cheibriados the Contemplative
  3473 | D:4      | Found a shimmering altar of Xom.
  3537 | D:4      | Noticed Duvessa
  3648 | D:4      | Noticed Dowan
  3670 | D:4      | Killed Dowan
  3670 | D:4      | Reached XP level 6. HP: 35/49 MP: 10/10
  3673 | D:4      | Killed Duvessa
  3673 | D:4      | Reached skill level 5 in Fire Magic
  3922 | D:5      | Entered Level 5 of the Dungeon
  4155 | D:5      | Reached XP level 7. HP: 55/55 MP: 4/11
  4223 | D:5      | Reached * piety under Cheibriados
  4277 | D:5      | Found Akicioh's Antique Weapon Shop.
  4320 | D:5      | Bought an ancient rapier for 207 gold pieces
  4320 | D:5      | Identified the cursed +1 rapier "Mebbudgh" {freeze, rC++} (You bought it in a shop on level 5 of the Dungeon)
  4520 | D:5      | Found a bloodstained altar of Trog.
  4606 | D:5      | Reached skill level 6 in Fire Magic
  5003 | D:6      | Noticed a two-headed ogre
  5009 | D:6      | Noticed Menkaure
  5009 | D:6      | Reached skill level 5 in Conjurations
  5277 | D:6      | Noticed a human
  5279 | D:6      | Noticed a human
  5279 | D:6      | Noticed a human
  5296 | D:6      | Killed a human
  5296 | D:6      | Reached XP level 8. HP: 5/62 MP: 3/14
  5296 | D:6      | Slain by a human

Skill      XL: |  1  2  3  4  5  6  7 |
---------------+----------------------+-----
Conjurations   | 2 3 4 5 |  5.4
Fire Magic     | 4 5 6 |  6.5
Spellcasting   | 3 4 |  4.0
Dodging        | |  1.5
Stealth        | |  3.1

Action                   |  1- 3 |  4- 6 |  7- 9 || total
-------------------------+-------+-------+-------++-------
Melee: Unarmed           |    15 |    19 |       ||    34
       Rapier            |       |       |    91 ||    91
 Cast: Flame Tongue      |    31 |    64 |    10 ||   105
       Throw Flame       |       |    27 |    14 ||    41
       Fireball          |       |       |     3 ||     3
Invok: Bend Time         |       |     1 |       ||     1
 Abil: Spit Poison       |    26 |    14 |       ||    40
  Use: Potion            |       |     7 |     1 ||     8
       Scroll            |       |       |     4 ||     4
  Eat: Chunk             |     2 |     9 |     1 ||    12
       Ration            |       |     1 |       ||     1
Armor: Robe              |     5 |    41 |    12 ||    58
       Skin              |       |    11 |       ||    11
Dodge: Dodged            |    30 |    76 |    26 ||   132
